 Dungeon Sprint DCSS version 0.21-a0-401-g0b6bec4 (webtiles) character file.

119 Kidiri the Skirmisher (level 4, 0/39 HPs)
             Began as a Demonspawn Monk on Oct 26, 2017.
             Was a Priest of Wu Jian.
             Slain by a wight
             ... wielding a +5 war axe
              (11 damage)
             ... in the Dungeon (Sprint VII: "The Pits").
             The game lasted 00:02:03 (460 turns).

Kidiri the Skirmisher (Demonspawn Monk)              Turns: 460, Time: 00:02:04

Health: 0/39       AC:  2    Str: 11    XL:     4   Next: 73%
Magic:  4/4        EV: 14    Int: 12    God:    Wu Jian [***...]
Gold:   0          SH:  0    Dex: 16    Spells: 3/3 levels left

rFire    . . .     SeeInvis .   a - +2 falchion (slice)
rCold    . . .     Gourm    .   (no shield)
rNeg     . . .     Faith    .   b - +0 robe
rPois    .         Spirit   .   (no helmet)
rElec    .         Reflect  .   (no cloak)
rCorr    .         Harm     .   (no gloves)
MR       .....     NoTele   +   (no boots)
Stlth    +++.......             (no amulet)
HPRegen  0.13/turn              (no ring)
MPRegen  0.09/turn              (no ring)

@: drained
A: claws 1, powered by death 1
a: Renounce Religion


You were in the Dungeon.
You worshipped Wu Jian.
Wu Jian was most pleased with you.
You were not hungry.

You visited 1 branch

Inventory:

Hand Weapons
 a - a +2 falchion of slicing (weapon)
Armour
 b - a +0 robe (worn)
Scrolls
 i - a scroll of blinking
 k - 3 scrolls of remove curse
 l - 5 scrolls of amnesia
 m - a scroll of summoning
Potions
 f - a potion of haste
 g - 4 potions of magic
 h - 2 potions of berserk rage
 j - 2 potions of invisibility
Comestibles
 c - 8 bread rations
 n - 40 fruits
 o - 7 meat rations


   Skills:
 * Level 5.1(4.5) Fighting
 * Level 4.6(4.0) Long Blades
 + Level 2.4(1.8) Throwing
 + Level 2.3(1.7) Armour
 * Level 4.6(4.0) Dodging
 * Level 4.4(3.8) Stealth


You had 3 spell levels left.
You didn't know any spells.

Dungeon Overview and Level Annotations

Branches:
Dungeon (1/1)

Altars:
Ashenzari
Cheibriados
Dithmenos
Elyvilon
Fedhas
Gozag
Hepliaklqana
Kikubaaqudgha
Makhleb
Nemelex Xobeh
Okawaru
Qazlal
Ru
Sif Muna
Trog
Uskayaw
Vehumet
Wu Jian
Xom
Yredelemnul
Zin
The Shining One
Beogh
Jiyva
Lugonu

Annotations:
D exclusions: 6 doors and 6 more exclusions


Innate Abilities, Weirdness & Mutations

You have sharp fingernails.
You regenerate a little health from kills.


Message History

You kill the hobgoblin!
The Council accepts your kill.
You closely miss the wight. The wight barely misses you.
You hit the wight.
The wight is lightly damaged.
The wight hits you with an enchanted war axe!
You feel drained.
You hit the wight but do no damage.
The wight is lightly damaged.
The wight hits you with an enchanted war axe!
You feel drained.
You hit the wight but do no damage.
The wight is lightly damaged.
The wight hits you with an enchanted war axe!
* * * LOW HITPOINT WARNING * * *
Unknown command.
Unknown command.
You feel better.
The wight hits you with an enchanted war axe!
You die...

#_________.#
#_______...###########++###
##########+##..............
#.?(.+)))+.##......#..#....
##########(##..............
#...........'..............
#+#####'#####......#..#....
#. #...'.##..............
#..#.).#@#####+#####++###
#..#####z##.......#
#..'...#z##.......#
#..'zZZZz##.......#
#..########...<...# #z
#.......# # #.......#
#.......# #########


You could see 3 wights and a quokka skeleton.

Vanquished Creatures
  A floating eye (D)
  A gnoll (D)
  An ufetubus (D)
  A hobgoblin (D)
  A giant cockroach zombie (D)
  2 kobolds (D)
7 creatures vanquished.

Notes
Turn   | Place    | Note
-------+----------+-------------------------------------------
     0 | D        | Kidiri the Demonspawn Monk began the quest for the Orb.
     0 | D        | Reached XP level 1. HP: 18/18 MP: 1/1
    64 | D        | Found a bloodstained altar of Trog.
    64 | D        | Found a deep blue altar of Sif Muna.
    64 | D        | Found a viscous altar of Jiyva.
    64 | D        | Found a hazy altar of Hepliaklqana.
    64 | D        | Found an opulent altar of Gozag.
    65 | D        | Found a glowing golden altar of the Shining One.
    65 | D        | Found a glowing silver altar of Zin.
    65 | D        | Found a basalt altar of Yredelemnul.
    65 | D        | Found a shimmering altar of Xom.
    65 | D        | Found an ornate altar of the Wu Jian Council.
    65 | D        | Found a sacrificial altar of Ru.
    65 | D        | Found a stormy altar of Qazlal.
    65 | D        | Found an iron altar of Okawaru.
    65 | D        | Found a sparkling altar of Nemelex Xobeh.
    65 | D        | Found a burning altar of Makhleb.
    65 | D        | Found a blossoming altar of Fedhas.
    65 | D        | Found a white marble altar of Elyvilon.
    65 | D        | Found a shadowy altar of Dithmenos.
    65 | D        | Found a snail-covered altar of Cheibriados.
    67 | D        | Found a radiant altar of Vehumet.
    67 | D        | Found a corrupted altar of Lugonu.
    67 | D        | Found a roughly hewn altar of Beogh.
    68 | D        | Found a hide-covered altar of Uskayaw.
    68 | D        | Found an ancient bone altar of Kikubaaqudgha.
    68 | D        | Found a shattered altar of Ashenzari.
    74 | D        | Became a worshipper of the Wu Jian Council
    74 | D        | Reached * piety under Wu Jian
    74 | D        | Reached ** piety under Wu Jian
    97 | D        | Gained mutation: You have sharp fingernails. [demonic ancestry]
    97 | D        | Reached XP level 2. HP: 5/24 MP: 2/2
   336 | D        | Noticed a floating eye
   339 | D        | Killed a floating eye
   339 | D        | Reached skill level 5 in Fighting
   339 | D        | Reached XP level 3. HP: 33/33 MP: 3/3
   339 | D        | Gained mutation: You regenerate a little health from kills. [demonic ancestry]
   339 | D        | Reached XP level 4. HP: 39/39 MP: 4/4
   339 | D        | Reached *** piety under Wu Jian
   460 | D        | Slain by a wight

Vault maps used:
D:        pitsprint

Skill      XL: |  1  2 |
---------------+-------+-----
Stealth        | 2 4 |  4.4
Long Blades    | 3 4 |  4.6
Dodging        | 3 4 |  4.6
Fighting       | 5 |  5.1
Throwing       | 2 |  2.4
Armour         | 2 |  2.3

Action                   |  1- 3 |  4- 6 || total
-------------------------+-------+-------++-------
Melee: Falchion          |    10 |    11 ||    21
  Use: Potion            |     2 |     1 ||     3
Armor: Robe              |       |     1 ||     1
Dodge: Dodged            |     4 |    13 ||    17
       Rpst.: Falchion   |       |     1 ||     1

Table legend:
 A = Spawn XP
 B = Non-spawn XP
 C = Spawn XP percentage of total XP
 D = Spawn monster count
 E = Non-spawn monster count
 F = Spawn count percentage of total count
 G = Total turns spent on level
                    A         B        C        D         E        F      G
               +---------+---------+-------+---------+---------+-------+---------
         Total |       0 |     170 |   0.0 |       0 |       7 |   0.0 |   460
               +---------+---------+-------+---------+---------+-------+---------
             D |       0 |     170 |   0.0 |       0 |       7 |   0.0 |   460
               +---------+---------+-------+---------+---------+-------+---------
